 Dungeon Crawl Stone Soup version 0.31.0-11-ge490571c62 (webtiles) character file.

Game seed: 1105576501620510932

2816 PaiMei the Geomancer (level 9, -6/56 HPs)
             Began as a Gargoyle Earth Elementalist on Jan 29, 2024.
             Was an Initiate of Vehumet.
             Mangled by a six-headed hydra (13 damage)
             ... on level 8 of the Dungeon.
             The game lasted 00:12:50 (9430 turns).

PaiMei the Geomancer (Gargoyle Earth Elementalist)  Turns: 9430, Time: 00:12:51

Health: -6/56      AC: 10    Str: 13    XL:     9   Next: 72%
Magic:  10/18      EV: 13    Int: 19    God:    Vehumet [......]
Gold:   337        SH:  0    Dex: 10    Spells: 13/20 levels left

rFire   . . .        f - +2 short sword (venom)
rCold   . . .        (no shield)
rNeg    + . .        a - +0 robe
rPois   ∞            h - +0 helmet
rElec   +            (no cloak)
rCorr   .            k - +0 pair of gloves
SInv    .            (no boots)
Will    .....        (no amulet)
Stlth   ++           (no ring)
HPRegen 0.29/turn    (no ring)
MPRegen 0.16/turn

%: no passive effects
@: no status effects
A: sickness immunity, AC +6, negative energy resistance 1, electricity
resistance, torment resistance 1, petrification resistance
a: Renounce Religion


You were on level 8 of the Dungeon.
You worshipped Vehumet.
Vehumet was noncommittal.
You visited 2 branches of the dungeon, and saw 9 of its levels.
You also visited: Sewer.

You collected 337 gold pieces.

Inventory:

Hand Weapons
 d - a +0 mace of venom
 f - a +2 short sword of venom (weapon)
 v - a +1 dagger of flaming
 y - a +2 flail of protection
Missiles
 c - 58 stones
 s - 7 poisoned darts (quivered)
 D - a curare-tipped dart
Armour
 a - a +0 robe (worn)
 h - a +0 helmet (worn)
 k - a +0 pair of gloves (worn)
 r - an orb of light
Jewellery
 l - a +4 ring of protection
 z - a ring of magical power
Wands
 t - a wand of acid (1)
Scrolls
 g - a scroll of torment {unknown}
 i - a scroll of noise {unknown}
 j - 6 scrolls of identify {unknown}
 m - 3 scrolls of teleportation {unknown}
 o - 3 scrolls of immolation {unknown}
 q - a scroll of enchant weapon {unknown}
 u - 2 scrolls of revelation {unknown}
 w - a scroll of vulnerability {unknown}
 x - a scroll of amnesia {unknown}
 A - a scroll of poison {unknown}
Potions
 b - 2 potions of magic
 e - a potion of mutation {unknown}
 n - a potion of experience {unknown}
 p - 5 potions of curing {unknown}
 B - a potion of might {unknown}
 C - a potion of lignification {unknown}
 E - a potion of enlightenment {unknown}


   Skills:
 + Level 6.9 Fighting
 + Level 5.6 Dodging
 - Level 2.4 Stealth
 + Level 6.3 Spellcasting
 - Level 1.3 Conjurations
 + Level 8.6 Earth Magic


You had 13 spell levels left.
You knew the following spells:

 Your Spells              Type           Power      Damage    Failure   Level
a - Sandblast             Erth           76%        2d16      1%          1
b - Stone Arrow           Conj/Erth      50%        3d10      4%          3
c - Passwall              Erth           38%        N/A       1%          3

Your spell library contained the following spells:

 Spells                   Type           Power      Damage    Failure   Level
 Apportation              Tloc           10%        N/A       11%         1
 Slow                     Hex            20%        N/A       11%         1
 Brom's Barrelling Bould  Conj/Erth      25%        2d5       14%         4
 Jinxbite                 Hex            10%        N/A       17%         2
 Leda's Liquefaction      Alch/Erth      11%        N/A       19%         4
 Petrify                  Alch/Erth      22%        N/A       19%         4
 Confusing Touch          Hex            5%         N/A       32%         3
 Frozen Ramparts          Ice            10%        1d2       32%         3
 Sigil of Binding         Hex            5%         N/A       32%         3
 Vampiric Draining        Necr           5%         2d6       32%         3
 Summon Blazeheart Golem  Fire/Summ      5%         N/A       73%         4
 Irradiate                Conj/Alch      4%         3d13      92%         5
 Alistair's Intoxication  Alch           3%         N/A       97%         5
 Metabolic Englaciation   Hex/Ice        2%         N/A       97%         5
 Yara's Violent Unravell  Hex/Alch       2%         3d3       97%         5
 Enfeeble                 Hex            2%         N/A       100%        7
 Orb of Destruction       Conj           5%         9d5       100%        7
 Spellforged Servitor     Conj/Summ      4%         N/A       100%        7
 Sublimation of Blood     Necr           Unusable   N/A       N/A         2

Dungeon Overview and Level Annotations

Branches:
Dungeon (8/15)             Temple (1/1) D:7            Lair (0/5) D:8
  Sewer (visited)

Altars:
Ashenzari
Cheibriados
Dithmenos
Elyvilon
Fedhas
Gozag
Hepliaklqana
Makhleb
Nemelex Xobeh
Okawaru
Qazlal
Ru
Sif Muna
Trog
Uskayaw
Vehumet
Wu Jian
Xom
Yredelemnul
Zin
The Shining One

Shops:
D:4 [

Annotations:
D:5 Menkaure


Innate Abilities, Weirdness & Mutations

You are immune to sickness and miasma.
Your stone body is resilient. (AC +6)
You are immune to poison.
You resist negative energy. (rN+)
You are resistant to electric shocks. (rElec)
You are resistant to unholy torment.
You are immune to petrification.


Message History

Press: ? - help, Shift-Dir - straight line, f - ice beast
Aim: an ice beast (71% to hit)
The stone arrow hits the ice beast.
The ice beast is lightly wounded.
The six-headed hydra roars!
Casting: Stone Arrow (dangerous; 4% risk of failure)
Confirm with . or Enter, or press ? or * to list all spells.
Aiming: Stone Arrow (dangerous; 4% risk of failure)
Press: ? - help, Shift-Dir - straight line, f/p - ice beast
Aim: an ice beast (lightly wounded, 71% to hit)
The stone arrow hits the ice beast!
The ice beast is severely wounded.
The ice beast hits you. The ice beast freezes you!
Casting: Stone Arrow (dangerous; 4% risk of failure)
Confirm with . or Enter, or press ? or * to list all spells.
Aiming: Stone Arrow (dangerous; 4% risk of failure)
Press: ? - help, Shift-Dir - straight line, f/p - ice beast
Aim: an ice beast (severely wounded, 71% to hit)
The stone arrow hits the ice beast!
You kill the ice beast!
Vehumet accepts your kill.
Found a glowing emerald potion.
Found a staircase to the Lair.
The six-headed hydra attacks as it pursues you!
The six-headed hydra bites you but does no damage.
The six-headed hydra bites you! The six-headed hydra barely misses you.
The six-headed hydra closely misses you.
The six-headed hydra misses you. The six-headed hydra bites you.
Casting: Stone Arrow (dangerous; 4% risk of failure)
Confirm with . or Enter, or press ? or * to list all spells.
Aiming: Stone Arrow (dangerous; 4% risk of failure)
Press: ? - help, Shift-Dir - straight line, f - six-headed hydra
Aim: a six-headed hydra (90% to hit)
The stone arrow hits the six-headed hydra!
The six-headed hydra is moderately wounded.
The six-headed hydra bites you! x2; The six-headed hydra bites you. x2
* * * LOW HITPOINT WARNING * * *
The six-headed hydra bites you.
* * * LOW HITPOINT WARNING * * *
The six-headed hydra bites you!
You die...

#.# #.# #### #.#
....# #.# .....######
#####.# ..........#
#.....# ...###....#
#.#####
#...≈...#.#####.#
..#...#..#D@....#
.##PP.##.######.#
.!P.P.P..# #.#
≈...>P..≈# #)#
.....PP..# #)#####
.##...##.# #.#...#
#...#..## #.....#
...≈...#.# ##.#...#
...###....####...#.##


You could see a six-headed hydra.

Vanquished Creatures
  Joseph (D:7)
  2 black bears
  3 ice beasts
  2 sky beasts (D:7)
  An ogre (D:6)
  3 centaurs
  A phantom (D:6)
  A kobold brigand (D:7)
  A bullfrog (D:5)
  2 scorpions
  2 gnoll sergeants
  4 wights (D:6)
  3 bombardier beetles
  A howler monkey (D:6)
  A gnoll bouda (D:5)
  5 hounds
  A jelly (D:6)
  5 iguanas
  A hell rat (Sewer)
  Robin (D:2)
  3 river rats
  11 adders
  13 gnolls
  A white imp (D:8)
  2 ufetubi (D:7)
  3 dart slugs
  6 orcs (D:5)
  5 endoplasms
  3 giant cockroaches
  8 goblins (D:2)
  10 hobgoblins
  3 jackals (D:5)
  8 ball pythons
  4 bats
  2 frilled lizards
  13 kobolds
  11 rats
147 creatures vanquished.

Vanquished Creatures (others)
  A kobold (D:7)
1 creature vanquished.

Grand Total: 148 creatures vanquished

Notes
Turn   | Place    | Note
-------+----------+-------------------------------------------
     0 | D:1      | PaiMei the Gargoyle Earth Elementalist began the quest for
                  | the Orb.
     0 | D:1      | Reached XP level 1. HP: 10/10 MP: 3/3
   106 | D:1      | Found a faded altar of an unknown god.
   128 | D:1      | Reached XP level 2. HP: 5/15 MP: 5/5
   838 | D:2      | Reached XP level 3. HP: 18/20 MP: 6/6
   842 | D:2      | Learned a level 3 spell: Stone Arrow
   852 | D:2      | Reached skill level 4 in Earth Magic
   933 | D:2      | Noticed Robin
   959 | D:2      | Reached skill level 1 in Fighting
   973 | D:2      | Killed Robin
  1021 | D:2      | Reached XP level 4. HP: 25/25 MP: 7/7
  2021 | D:3      | Reached XP level 5. HP: 28/30 MP: 9/9
  2035 | D:3      | Found a glowing drain.
  2043 | Sewer    | Entered a sewer
  2380 | D:3      | Found a broken altar of Ashenzari.
  2951 | D:4      | Learned a level 3 spell: Passwall
  3146 | D:4      | Found Saofef's Armour Emporium.
  3654 | D:4      | Reached XP level 6. HP: 26/36 MP: 10/10
  3757 | D:4      | Found an opulent altar of Gozag.
  3811 | D:5      | Entered Level 5 of the Dungeon
  3862 | D:5      | Reached skill level 5 in Earth Magic
  4206 | D:5      | Noticed a black bear
  4216 | D:5      | Killed a black bear
  4217 | D:5      | Reached XP level 7. HP: 20/41 MP: 1/12
  4302 | D:5      | Noticed Menkaure
  4528 | D:5      | Found a bloodstained altar of Trog.
  4620 | D:5      | Found a blossoming altar of Fedhas.
  4676 | D:5      | Found a hide-covered altar of Uskayaw.
  5006 | D:5      | Reached skill level 6 in Earth Magic
  6089 | D:6      | Reached XP level 8. HP: 22/48 MP: 1/14
  6531 | D:6      | Reached skill level 5 in Fighting
  6699 | D:6      | Reached skill level 7 in Earth Magic
  6818 | D:6      | Reached skill level 5 in Spellcasting
  7402 | D:6      | Reached XP level 9. HP: 55/55 MP: 4/17
  7922 | D:7      | Reached skill level 5 in Dodging
  8019 | D:7      | Noticed Joseph
  8256 | D:7      | Killed Joseph
  8257 | D:7      | Reached skill level 8 in Earth Magic
  8366 | D:7      | Found a white marble altar of Elyvilon.
  8394 | D:7      | Found a sacrificial altar of Ru.
  8405 | D:7      | Found an iron altar of Okawaru.
  8607 | D:7      | Found an ornate altar of the Wu Jian Council.
  8607 | D:7      | Found a glowing golden altar of the Shining One.
  8861 | D:7      | Found a staircase to the Ecumenical Temple.
  8870 | Temple   | Entered the Ecumenical Temple
  9085 | D:8      | Found a basalt altar of Yredelemnul.
  9191 | Temple   | Became a worshipper of Vehumet
  9400 | D:8      | Noticed a six-headed hydra
  9419 | D:8      | Found a staircase to the Lair.
  9430 | D:8      | Mangled by a six-headed hydra

Illustrated notes

Levels and vault maps discovered:
D:1:      dpeg_arrival_rhombus, layout_basic,
          shapermc_ecumenical_altar_mp_highgroup
D:2:      layout_basic, chequers_serial_rivers_small_3, grunt_ministairs_5,
          patterned_corridor, uniq_robin
D:3:      layout_basic, mainiacjoe_overflow_tiny_flanked,
          mainiacjoe_sewer_entry_somewhere_in_here_2, minmay_misc_feat_square
D:4:      layout_basic, lemuel_round_altar, serial_shops, shop
D:5:      layout_loops_ring, mainiacjoe_overflow_small_starburst,
          amcnicky_altar_gilded, lightli_temple_of_fire,
          kennysheep_generic_room_4, uniq_menkaure
D:6:      layout_basic, hangedman_abyss_or_decor_stagger, hex_medium,
          ebering_dispersal_statue_hall
D:7:      layout_rooms, elyvilon_altar_4, mainiacjoe_overflow_big_doors,
          gammafunk_temple_overflow_elements, minmay_temple_entry_trees,
          uniq_joseph
D:8:      layout_loops_ring, lemuel_round_altar, dpeg_oklobed_lair,
          chequers_jeans
Temple:   hellmonk_temple_flake

Skill      XL: |  1  2  3  4  5  6  7  8  9 |
---------------+----------------------------+-----
Earth Magic    | 4 5 6 7 8 |  8.6
Dodging        | 2 3 4 5 |  5.6
Fighting       | 1 2 3 4 5 6 |  6.9
Spellcasting   | 3 4 5 6 |  6.3
Stealth        | |  2.4
Conjurations   | |  1.3

Action                     |  1- 3 |  4- 6 |  7- 9 || total
---------------------------+-------+-------+-------++-------
  Melee: Mace              |    31 |       |       ||    31
         Short sword       |    56 |   140 |   152 ||   348
         Punch             |     1 |       |     2 ||     3
   Cast: Sandblast         |     2 |    12 |    15 ||    29
         Stone Arrow       |       |     2 |    71 ||    73
   Stab: Sleeping          |     2 |     3 |     2 ||     7
 Armour: Robe              |    57 |    93 |   156 ||   306
  Dodge: Dodged            |    55 |    98 |   160 ||   313
